 Dungeon Crawl Stone Soup version 0.22-a0-429-g97ce8ef (webtiles) character file.

7245 George the Thaumaturge (level 11, -12/81 HPs)
             Began as a Gnoll Wizard on May 25, 2018.
             Was an Elder of Cheibriados.
             Mangled by a two-headed ogre
             ... wielding a +0 giant club
              (33 damage)
             ... on level 10 of the Dungeon.
             The game lasted 00:49:04 (11573 turns).

George the Thaumaturge (Gnoll Wizard)              Turns: 11573, Time: 00:49:05

Health: -12/81     AC:  9    Str: 23    XL:     11   Next: 12%
Magic:  3/24       EV: 19    Int: 35    God:    Cheibriados [****..]
Gold:   625        SH:  0    Dex: 23    Spells: 11/28 levels left

rFire    + . .     SeeInvis .   D - +2 dagger (drain)
rCold    + + +     Gourm    .   (no shield)
rNeg     . . .     Faith    .   H - +2 robe {rF+}
rPois    .         Spirit   .   b - +0 hat
rElec    +         Reflect  .   m - +0 cloak {MR+}
rCorr    .         Harm     .   o - +0 pair of gloves
MR       +....                  G - +1 pair of boots of Taantun {rElec rC+ Regen+ Str+4}
Stlth    ++++......             E - amulet of regeneration
HPRegen  1.03/turn              t - ring of protection from cold
MPRegen  0.19/turn              J - ring of protection from cold

@: very slow
A: distributed training, fangs 1, strong nose
a: Bend Time, Temporal Distortion, Slouch, Renounce Religion


You were on level 10 of the Dungeon.
You worshipped Cheibriados.
Cheibriados was greatly pleased with you.
You were not hungry.

You visited 2 branches of the dungeon, and saw 11 of its levels.

You collected 625 gold pieces.

Inventory:

Hand Weapons
 q - a +0 vampiric falchion
 D - a +2 dagger of draining (weapon)
Armour
 b - a +0 hat (worn)
 m - a +0 cloak of magic resistance (worn)
 o - a +0 pair of gloves (worn)
 x - a scarf of repulsion
 z - the +0 pair of boots of Kleptomania {rF+ Int+5}
   (You found it on level 5 of the Dungeon)

   It affects your intelligence (+5).
   It protects you from fire.
 G - the +1 pair of boots of Taantun (worn) {rElec rC+ Regen+ Str+4}
   (You found it on level 6 of the Dungeon)

   It affects your strength (+4).
   It protects you from cold.
   It insulates you from electricity.
   It increases your rate of regeneration.
 H - a +2 robe of fire resistance (worn)
Magical Staves
 w - an uncursed staff of death
Jewellery
 t - a ring of protection from cold (left hand)
 E - an amulet of regeneration (around neck)
 J - a ring of protection from cold (right hand)
Wands
 a - a wand of flame (28)
 y - a wand of iceblast (19)
Scrolls
 c - 5 scrolls of enchant armour {unknown}
 f - 2 scrolls of fear {unknown}
 k - 3 scrolls of magic mapping {unknown}
 n - 2 scrolls of teleportation {unknown}
 s - a scroll of blinking
 A - 2 scrolls of noise {unknown}
 C - 2 scrolls of remove curse
 F - 6 scrolls of immolation
 I - 2 scrolls of amnesia
 K - a scroll of brand weapon
 L - a scroll of fog
 N - 2 scrolls of summoning
Potions
 e - 4 potions of heal wounds {unknown}
 g - 8 potions of curing {unknown}
 h - a potion of brilliance {unknown}
 i - 2 potions of magic {unknown}
 j - 4 potions of lignification {unknown}
 l - 2 potions of might {unknown}
 p - 2 potions of agility {unknown}
 r - 2 potions of mutation {unknown}
 u - 4 potions of flight {unknown}
 v - 2 potions of ambrosia {unknown}
 B - 2 potions of haste
 M - a potion of degeneration {unknown}
Comestibles
 d - 20 rations


   Skills:
 + Level 5.9 Fighting
 + Level 5.9 Short Blades
 + Level 5.9 Long Blades
 + Level 5.9 Axes
 + Level 5.9 Maces & Flails
 + Level 5.9 Polearms
 + Level 5.9 Staves
 + Level 5.9 Slings
 + Level 5.9 Bows
 + Level 5.9 Crossbows
 + Level 5.9 Throwing
 + Level 5.9 Armour
 + Level 7.5 Dodging
 + Level 7.3 Stealth
 + Level 5.9 Shields
 + Level 5.9 Unarmed Combat
 + Level 9.3 Spellcasting
 + Level 5.3 Conjurations
 + Level 4.8 Hexes
 + Level 4.8 Charms
 + Level 5.3 Summonings
 + Level 4.8 Necromancy
 + Level 5.3 Translocations
 + Level 4.8 Transmutations
 + Level 4.8 Fire Magic
 + Level 4.8 Ice Magic
 + Level 4.8 Air Magic
 + Level 4.8 Earth Magic
 + Level 4.8 Poison Magic
 + Level 6.4 Invocations
 + Level 5.9 Evocations


You had 11 spell levels left.
You knew the following spells:

 Your Spells              Type           Power        Failure   Level  Hunger
a - Magic Dart            Conj           ####         1%          1    None
b - Blink                 Tloc           N/A          1%          2    None
c - Call Imp              Summ           ######..     1%          2    None
d - Slow                  Hex            ######..     1%          2    None
e - Conjure Flame         Conj/Fire      ######..     1%          3    None
f - Mephitic Cloud        Conj/Pois/Air  ######..     1%          3    None
g - Summon Lightning Spi  Summ/Air       ######..     3%          4    None

Your spell library contained the following spells:

 Spells                   Type           Power        Failure   Level  Hunger
 Fireball                 Conj/Fire      ######....   9%          5    ###....
 Lightning Bolt           Conj/Air       ######....   9%          5    ###....
 Throw Flame              Conj/Fire      ######       1%          2    None
 Summon Small Mammal      Summ           ####         1%          1    None
 Sticky Flame             Conj/Fire      ######..     3%          4    None
 Summon Ice Beast         Ice/Summ       ######..     3%          4    None
 Shock                    Conj/Air       ####         1%          1    None
 Swiftness                Chrm/Air       ######..     1%          2    None
 Spider Form              Tmut/Pois      ######....   1%          3    None
 Blade Hands              Tmut           ######....   10%         5    ###....
 Statue Form              Tmut/Erth      ######...    50%         6    #####..
 Ice Form                 Ice/Tmut       ######..     3%          4    None
 Dragon Form              Tmut           ######....   97%         7    ######.
 Airstrike                Air            ######....   3%          4    None
 Flame Tongue             Conj/Fire      #####        1%          1    None
 Sticks to Snakes         Tmut           ######..     1%          2    None
 Call Canine Familiar     Summ           ######..     1%          3    None
 Static Discharge         Conj/Air       ######..     1%          3    None
 Inner Flame              Hex/Fire       ######..     1%          3    None
 Beastly Appendage        Tmut           ######       1%          1    None
 Summon Guardian Golem    Hex/Summ       ######..     1%          3    None
 Hydra Form               Tmut           ######....   50%         6    #####..
 Irradiate                Conj/Tmut      ######....   9%          5    ###....


Dungeon Overview and Level Annotations

Branches:
Dungeon (10/15)            Temple (1/1) D:6            Lair (0/6) D:8
    Orc: D:9-12

Altars:
Ashenzari
Cheibriados
Dithmenos
Elyvilon
Fedhas
Gozag
Hepliaklqana
Kikubaaqudgha
Makhleb
Nemelex Xobeh
Okawaru
Qazlal
Ru
Sif Muna
Trog
Uskayaw
Vehumet
Wu Jian
Xom
Yredelemnul
Zin
The Shining One

Shops:
D:5 (


Innate Abilities, Weirdness & Mutations

Your experience applies equally to all skills.
You have very sharp teeth.
Your uncanny sense of smell can sniff out nearby items.


Message History

A two-headed ogre comes into view.
It is wielding a giant club and a giant spiked club.
Something misses your crimson imp.
The orc warrior hits you with a battleaxe.
The orc warrior hits your crimson imp with a battleaxe.
Your crimson imp hits the orc warrior but does no damage.
The orc warrior barely misses you.
The orc warrior hits your crimson imp with a battleaxe!!
Your crimson imp dies!
The two-headed ogre shouts in stereo!
The two-headed ogre hits you with a giant club!!
The two-headed ogre misses you.
There is an open door, spattered with blood here.
The orc warrior misses you.
The two-headed ogre hits you with a giant club!
The two-headed ogre hits you with a giant spiked club!!
The orc warrior hits you with a battleaxe!
* * * LOW HITPOINT WARNING * * *
The orc warrior misses your crimson imp.
The two-headed ogre hits you with a giant club!!
You die...

. #.# #. ##'#####
###'##### #......##
#.......#######.).....#
#.......#.o..5'o..)...#
#.......#.#####).)....8
##.......5.# #..).)..[
.'.....Oo### #.......8
#.....@.# #...)...#
#......)# #....)..#
#.......# #.......#
######'## ##'####.# #
#..# #.# .# #### #.##
#.# 8 ...# ####.###
...# #####......#
...#####..........#


You could see a two-headed ogre, an orc warrior, an orc and a friendly crimson
imp.

Vanquished Creatures
  A two-headed ogre (D:9)
  Pikel (D:7)
  The ghost of Jynxie the Destroyer, a novice KoCj of Yredelemnul (D:7)
  2 trolls (D:9)
  A slime creature (D:9)
  A hippogriff (D:6)
  2 hungry ghosts
  A yak (D:9)
  A water moccasin (D:9)
  2 black bears (D:8)
  4 orc warriors
  An ice beast (D:5)
  A phantom (D:4)
  A slave (D:7)
  A necrophage (D:10)
  4 ogres
  3 centaurs
  9 bullfrogs
  4 scorpions
  10 killer bees
  2 howler monkeys
  4 electric eels (D:9)
  5 crimson imps
  2 bullfrog zombies
  4 hounds
  2 bullfrog skeletons
  3 orc priests
  Crazy Yiuf (D:3)
  4 jellies
  4 orc wizards
  3 iguanas
  5 worker ants
  A killer bee zombie (D:9)
  A howler monkey zombie (D:5)
  3 gnolls (D:9)
  4 adders
  A shadow imp (D:5)
  3 oozes
  An adder skeleton (D:9)
  A worm (D:1)
  4 dart slugs
  6 leopard geckos
  27 orcs
  A ball python (D:1)
  4 bats
  4 giant cockroaches
  8 goblins
  7 hobgoblins
  14 jackals
  9 quokkas
  4 frilled lizards
  10 kobolds
  A leopard gecko skeleton (D:5)
  6 rats
  A fungus (D:8)
211 creatures vanquished.

Vanquished Creatures (collateral kills)
  A hippogriff (D:8)
  A wraith (D:6)
  A hungry ghost (D:9)
  2 orc warriors (D:10)
  A black bear (D:8)
  An ice beast (D:8)
  An ogre (D:6)
  A centaur (D:8)
  2 gnoll sergeants (D:9)
  A scorpion (D:6)
  A killer bee (D:8)
  A howler monkey (D:6)
  A crimson imp (D:9)
  A quasit (D:6)
  4 orc priests
  2 orc wizards (D:9)
  A hound skeleton (D:6)
  5 gnolls (D:9)
  13 orcs
41 creatures vanquished.

Vanquished Creatures (others)
  3 fungi (D:8)
  2 plants (D:9)
5 creatures vanquished.

Grand Total: 257 creatures vanquished

Notes
Turn   | Place    | Note
-------+----------+-------------------------------------------
     0 | D:1      | George the Gnoll Wizard began the quest for the Orb.
     0 | D:1      | Reached XP level 1. HP: 13/13 MP: 8/8
    70 | D:1      | Reached XP level 2. HP: 12/19 MP: 7/10
   408 | D:1      | Reached XP level 3. HP: 25/25 MP: 6/11
  1255 | D:2      | Reached skill level 1 in Invocations
  1512 | D:2      | Found a shattered altar of Ashenzari.
  1536 | D:2      | Reached skill level 1 in Fighting
  1536 | D:2      | Reached skill level 1 in Short Blades
  1536 | D:2      | Reached skill level 1 in Long Blades
  1536 | D:2      | Reached skill level 1 in Axes
  1536 | D:2      | Reached skill level 1 in Maces & Flails
  1536 | D:2      | Reached skill level 1 in Polearms
  1536 | D:2      | Reached skill level 1 in Staves
  1536 | D:2      | Reached skill level 1 in Slings
  1536 | D:2      | Reached skill level 1 in Bows
  1536 | D:2      | Reached skill level 1 in Crossbows
  1536 | D:2      | Reached skill level 1 in Throwing
  1536 | D:2      | Reached skill level 1 in Armour
  1536 | D:2      | Reached skill level 1 in Shields
  1536 | D:2      | Reached skill level 1 in Unarmed Combat
  1536 | D:2      | Reached skill level 1 in Evocations
  1544 | D:2      | Reached XP level 4. HP: 32/32 MP: 3/13
  1779 | D:2      | Learned a level 2 spell: Blink
  1782 | D:2      | Learned a level 2 spell: Call Imp
  1785 | D:2      | Learned a level 2 spell: Slow
  1789 | D:2      | Learned a level 3 spell: Conjure Flame
  1793 | D:2      | Learned a level 3 spell: Mephitic Cloud
  2424 | D:3      | Reached skill level 1 in Hexes
  2424 | D:3      | Reached skill level 1 in Charms
  2424 | D:3      | Reached skill level 1 in Necromancy
  2424 | D:3      | Reached skill level 1 in Transmutations
  2424 | D:3      | Reached skill level 1 in Fire Magic
  2424 | D:3      | Reached skill level 1 in Ice Magic
  2424 | D:3      | Reached skill level 1 in Air Magic
  2424 | D:3      | Reached skill level 1 in Earth Magic
  2424 | D:3      | Reached skill level 1 in Poison Magic
  2515 | D:3      | Found a runed door.
  2575 | D:3      | Found a sparkling altar of Nemelex Xobeh.
  2576 | D:3      | Found a shattered altar of Ashenzari.
  2576 | D:3      | Found an ornate altar of the Wu Jian Council.
  2577 | D:3      | Found a shimmering altar of Xom.
  2624 | D:3      | Reached XP level 5. HP: 35/37 MP: 10/14
  3228 | D:3      | Found a sparkling altar of Nemelex Xobeh.
  3286 | D:3      | Noticed Crazy Yiuf
  3295 | D:3      | Killed Crazy Yiuf
  3829 | D:4      | Reached XP level 6. HP: 44/44 MP: 0/16
  3851 | D:4      | Noticed a phantom
  4012 | D:4      | Killed a phantom
  4012 | D:4      | Reached skill level 5 in Dodging
  4171 | D:4      | Reached XP level 7. HP: 50/50 MP: 5/18
  4534 | D:5      | Entered Level 5 of the Dungeon
  5253 | D:5      | Found Megab's Weapon Emporium.
  5312 | D:5      | Reached skill level 5 in Stealth
  5467 | D:5      | Reached XP level 8. HP: 57/57 MP: 5/19
  5526 | D:5      | Got a pair of polished boots
  5532 | D:5      | Identified the +0 pair of boots of Kleptomania {rF+ Int+5} (You found it on level 5 of the Dungeon)
  5646 | D:5      | Learned a level 4 spell: Summon Lightning Spire
  5708 | D:6      | Found a staircase to the Ecumenical Temple.
  5722 | Temple   | Entered the Ecumenical Temple
  5840 | Temple   | Became a worshipper of Cheibriados the Contemplative
  6252 | D:6      | Found an opulent altar of Gozag.
  6415 | D:6      | Got a pair of translucent boots
  6426 | D:6      | Identified the +1 pair of boots of Taantun {rElec rC+ Regen+ Str+4} (You found it on level 6 of the Dungeon)
  6454 | D:6      | Reached skill level 8 in Spellcasting
  7143 | D:7      | Noticed a wraith
  7145 | D:7      | Reached * piety under Cheibriados
  7153 | D:7      | Noticed a hippogriff
  7179 | D:7      | Reached XP level 9. HP: 65/65 MP: 3/21
  7780 | D:7      | Found an iron altar of Okawaru.
  7807 | D:7      | Noticed Pikel
  7819 | D:7      | Killed Pikel
  7845 | D:7      | Noticed Jynxie's ghost (novice KoCj)
  7946 | D:7      | Killed Jynxie's ghost
  7946 | D:7      | Reached skill level 5 in Invocations
  8438 | D:8      | Reached ** piety under Cheibriados
  8450 | D:8      | Found a radiant altar of Vehumet.
  8658 | D:8      | Reached XP level 10. HP: 71/73 MP: 15/22
  8797 | D:8      | Found a staircase to the Lair.
  9496 | D:8      | Reached skill level 5 in Fighting
  9496 | D:8      | Reached skill level 5 in Short Blades
  9496 | D:8      | Reached skill level 5 in Long Blades
  9496 | D:8      | Reached skill level 5 in Axes
  9496 | D:8      | Reached skill level 5 in Maces & Flails
  9496 | D:8      | Reached skill level 5 in Polearms
  9496 | D:8      | Reached skill level 5 in Staves
  9496 | D:8      | Reached skill level 5 in Slings
  9496 | D:8      | Reached skill level 5 in Bows
  9496 | D:8      | Reached skill level 5 in Crossbows
  9496 | D:8      | Reached skill level 5 in Throwing
  9496 | D:8      | Reached skill level 5 in Armour
  9496 | D:8      | Reached skill level 5 in Shields
  9496 | D:8      | Reached skill level 5 in Unarmed Combat
  9496 | D:8      | Reached skill level 5 in Evocations
  9498 | D:8      | Reached *** piety under Cheibriados
 10235 | D:9      | Reached **** piety under Cheibriados
 10253 | D:9      | Reached skill level 9 in Spellcasting
 10359 | D:9      | Noticed a two-headed ogre
 10366 | D:9      | Killed a two-headed ogre
 10366 | D:9      | Reached skill level 5 in Conjurations
 10366 | D:9      | Reached skill level 5 in Summonings
 10366 | D:9      | Reached skill level 5 in Translocations
 10912 | D:9      | Reached XP level 11. HP: 81/81 MP: 19/24
 11278 | D:10     | Entered Level 10 of the Dungeon
 11568 | D:10     | Noticed a two-headed ogre
 11573 | D:10     | Mangled by a two-headed ogre

Vault maps used:
D:1:      ncdulo_smallfort, hangedman_decor_lopped, minmay_misc_feat_enclosed
D:2:      nicolae_ashenzari_panopticon
D:3:      chequers_temple_overflow_statue_of_worship, first_ration,
          nemelex_spade_bored_becter, uniq_crazy_yiuf_cottage
D:5:      serial_shops, shop
D:6:      kennysheep_mini_moat, minmay_temple_entry_overgrown
D:7:      kennysheep_okawaru_gauntlet, grunt_ogre_cave, uniq_pikel
D:8:      grunt_lair_entry_orc_guard_hut, minmay_strange_pillars,
          vehumet_altar_wand_db
D:9:      minmay_the_grid_four_pointed_star_mashed, serial_bayou_lagoon_b
D:10:     david_orc_5, minmay_misc_feat_five, uniq_sonja, uniq_psyche
Temple:   eino_temple_rhombus

Skill      XL: |  1  2  3  4  5  6  7  8  9 10 |
---------------+-------------------------------+-----
Conjurations   | 2 3 4 5 |  5.3
Summonings     | 2 3 4 5 |  5.3
Translocations | 2 3 4 5 |  5.3
Invocations    | 1 2 3 4 5 6 |  6.4
Fighting       | 1 2 3 4 5 |  5.9
Short Blades   | 1 2 3 4 5 |  5.9
Long Blades    | 1 2 3 4 5 |  5.9
Axes           | 1 2 3 4 5 |  5.9
Maces & Flails | 1 2 3 4 5 |  5.9
Polearms       | 1 2 3 4 5 |  5.9
Staves         | 1 2 3 4 5 |  5.9
Slings         | 1 2 3 4 5 |  5.9
Bows           | 1 2 3 4 5 |  5.9
Crossbows      | 1 2 3 4 5 |  5.9
Throwing       | 1 2 3 4 5 |  5.9
Armour         | 1 2 3 4 5 |  5.9
Shields        | 1 2 3 4 5 |  5.9
Unarmed Combat | 1 2 3 4 5 |  5.9
Evocations     | 1 2 3 4 5 |  5.9
Hexes          | 1 2 3 4 |  4.8
Charms         | 1 2 3 4 |  4.8
Necromancy     | 1 2 3 4 |  4.8
Transmutations | 1 2 3 4 |  4.8
Fire Magic     | 1 2 3 4 |  4.8
Ice Magic      | 1 2 3 4 |  4.8
Air Magic      | 1 2 3 4 |  4.8
Earth Magic    | 1 2 3 4 |  4.8
Poison Magic   | 1 2 3 4 |  4.8
Dodging        | 5 6 7 |  7.5
Stealth        | 5 6 7 |  7.3
Spellcasting   | 8 9 |  9.3

Action                   |  1- 3 |  4- 6 |  7- 9 | 10-12 || total
-------------------------+-------+-------+-------+-------++-------
Melee: Hand axe          |    15 |    25 |       |       ||    40
       Bite              |     2 |     5 |     8 |    16 ||    31
       Quarterstaff      |       |    14 |     6 |       ||    20
       Staff             |       |     4 |       |       ||     4
       Dagger            |       |       |    64 |    91 ||   155
       Punch             |       |       |     1 |     6 ||     7
 Cast: Magic Dart        |   105 |   154 |   308 |   233 ||   800
       Conjure Flame     |       |     5 |    14 |    14 ||    33
       Mephitic Cloud    |       |     2 |     9 |     3 ||    14
       Slow              |       |     2 |     3 |       ||     5
       Summon Lightning  |       |       |     8 |    13 ||    21
       Blink             |       |       |     1 |       ||     1
       Call Imp          |       |       |       |     3 ||     3
  Use: Scroll            |       |       |       |     7 ||     7
 Stab: Petrifying        |       |       |     1 |       ||     1
       Sleeping          |       |       |     1 |       ||     1
  Eat: Chunk             |     2 |     8 |    12 |     4 ||    26
Armor: Robe              |     1 |     9 |    49 |    24 ||    83
Dodge: Dodged            |    17 |    38 |   138 |    95 ||   288

Table legend:
 A = Spawn XP
 B = Non-spawn XP
 C = Spawn XP percentage of total XP
 D = Spawn monster count
 E = Non-spawn monster count
 F = Spawn count percentage of total count
 G = Total turns spent on level
                    A         B        C        D         E        F      G
               +---------+---------+-------+---------+---------+-------+---------
         Total |       0 |   10350 |   0.0 |       0 |     250 |   0.0 | 11573
               +---------+---------+-------+---------+---------+-------+---------
           D:1 |       0 |      47 |   0.0 |       0 |      20 |   0.0 |  1034
           D:2 |       0 |      45 |   0.0 |       0 |      25 |   0.0 |  1042
           D:3 |       0 |     169 |   0.0 |       0 |      23 |   0.0 |  1322
           D:4 |       0 |     361 |   0.0 |       0 |      14 |   0.0 |  1136
           D:5 |       0 |     582 |   0.0 |       0 |      25 |   0.0 |  1127
           D:6 |       0 |    1272 |   0.0 |       0 |      23 |   0.0 |  1255
           D:7 |       0 |    1707 |   0.0 |       0 |      18 |   0.0 |  1168
           D:8 |       0 |    1648 |   0.0 |       0 |      32 |   0.0 |  1331
           D:9 |       0 |    3839 |   0.0 |       0 |      53 |   0.0 |  1576
          D:10 |       0 |     680 |   0.0 |       0 |      17 |   0.0 |   295
               +---------+---------+-------+---------+---------+-------+---------
